 Dungeon Crawl Stone Soup version 0.30-a0-989-g0d87f670db (webtiles) character file.

Game seed: 14459930815382038170

2838 heikuro the Blocker (level 10, -8/77 HPs)
             Began as a Formicid Fighter on Apr 3, 2023.
             Was a Priest of Okawaru.
             Splashed by a jelly's acid (11 damage)
             ... on level 8 of the Dungeon.
             The game lasted 00:18:01 (9488 turns).

heikuro the Blocker (Formicid Fighter)              Turns: 9488, Time: 00:18:01

Health: -8/77      AC: -17   Str: 25    XL:     10   Next: 3%
Magic:  14/14      EV:  9    Int:  8    God:    Okawaru [***...]
Gold:   400        SH:  6    Dex: 13    Spells: 9/9 levels left

rFire   . . .      SeeInvis +    p - +0 hand axe (venom)
rCold   . . .      Faith    .    c - +0 buckler
rNeg    . . .      Spirit   .    b - +0 scale mail
rPois   .          Reflect  .    (helmet unavailable)
rElec   .          Rampage  .    F - +0 cloak
rCorr   .                        n - +0 pair of gloves
Will    +....                    (no boots) Stlth
                                 u - amulet of magic regeneration
HPRegen 0.32/turn                (no ring)
MPRegen 0.54/turn                (no ring)

@: corroded
A: permanent stasis, dig shafts and tunnels, antennae 3, four strong arms
a: Dig, Shaft Self, Renounce Religion, Heroism


You were on level 8 of the Dungeon.
You worshipped Okawaru.
Okawaru was most pleased with you.
You visited 2 branches of the dungeon, and saw 9 of its levels.
You also visited: Sewer.

You collected 400 gold pieces.

Inventory:

Hand Weapons
 a - a +0 war axe
 p - a +0 hand axe of venom (weapon)
Missiles
 g - 17 poisoned darts (quivered)
 v - 2 curare-tipped darts
Armour
 b - a +0 scale mail (worn)
 c - a +0 buckler (worn)
 n - a +0 pair of gloves (worn)
 F - a +0 cloak (worn)
Jewellery
 u - an amulet of magic regeneration (around neck)
Wands
 t - a wand of flame (57)
 B - a wand of paralysis (10)
 D - a wand of mindburst (19)
 I - a wand of roots (8)
Scrolls
 e - 3 scrolls of fear {unknown}
 i - 2 scrolls of fog {unknown}
 k - 2 scrolls of amnesia {unknown}
 o - 2 scrolls of enchant armour {unknown}
 q - 2 scrolls of enchant weapon {unknown}
 r - a scroll of poison {unknown}
 s - 2 scrolls of brand weapon {unknown}
 w - a scroll of identify
 y - 4 scrolls of blinking {unknown}
 A - a scroll of magic mapping {unknown}
 C - 2 scrolls of teleportation {unknown}
 G - 2 scrolls of noise {unknown}
 H - a scroll of vulnerability {unknown}
Potions
 d - 3 potions of might
 f - a potion of invisibility
 h - 8 potions of heal wounds
 j - a potion of brilliance
 l - 8 potions of curing
 m - 3 potions of mutation
 x - 2 potions of attraction {unknown}
 z - a potion of magic
 E - 2 potions of lignification


   Skills:
 + Level 6.7 Fighting
 * Level 7.9 Axes
 + Level 6.8 Armour
 + Level 8.1 Shields
 + Level 5.9 Invocations


You had 9 spell levels left.
You didn't know any spells.
Your spell library contained the following spells:

 Spells                   Type           Power      Damage    Failure   Level
 Apportation              Tloc           0%         N/A       73%         1
 Magic Dart               Conj           0%         1d3       73%         1
 Shock                    Conj/Air       0%         1d3       73%         1
 Ensorcelled Hibernation  Hex/Ice        0%         N/A       86%         2
 Searing Ray              Conj           0%         2d4       86%         2
 Spider Form              Tmut/Pois      0%         N/A       97%         3
 Airstrike                Air            0%         2d(0-16)  100%        4
 Anguish                  Hex/Necr       0%         N/A       100%        4
 Fulminant Prism          Conj/Hex       0%         3d5       100%        4
 Alistair's Intoxication  Tmut/Pois      0%         N/A       100%        5
 Orb of Destruction       Conj           0%         9d5       100%        7
 Summon Guardian Golem    Hex/Summ       Unusable   N/A       N/A         3
 Swiftness                Air            Unusable   N/A       N/A         3
 Spellforged Servitor     Conj/Summ      Unusable   N/A       N/A         7

Dungeon Overview and Level Annotations

Branches:
Dungeon (8/15)             Temple (1/1) D:4           Sewer (visited)
   Lair: D:8-11

Altars:
Ashenzari
Cheibriados
Dithmenos
Elyvilon
Gozag
Hepliaklqana
Makhleb
Nemelex Xobeh
Okawaru
Qazlal
Ru
Sif Muna
Trog
Uskayaw
Vehumet
Wu Jian
Xom
Yredelemnul
Zin
The Shining One
Jiyva

Shops:
D:1 =   D:5 *   D:6 *   D:7 *   D:8 =

Annotations:
D:7 3 runed translucent doors, benadryl's ghost, novice DsCj


Innate Abilities, Weirdness & Mutations

You cannot be hasted, slowed, berserked, paralysed or teleported.
You can dig through walls and to a lower floor.
You have a pair of large antennae on your head. (SInv)
Your four strong arms can wield two-handed weapons with a shield.


Message History

You are too injured to fight recklessly!
You hit the jelly but do no damage.
The jelly looks as sick as possible!
Your hands burn!
The jelly is almost dead.
You kill the jelly!
Okawaru accepts your kill.
A jelly comes into view.
Found 12 gold pieces.
The jelly quivers.
A jelly is nearby!
You hit the jelly.
Your hands burn!
The jelly is lightly wounded.
The jelly barely misses you.
You hit the jelly.
The jelly is poisoned.
Your hands burn!
The jelly is moderately wounded.
The jelly barely misses you.
You hit the jelly but do no damage.
The jelly looks as sick as possible!
The acid corrodes you!
Your hands burn!
The jelly is moderately wounded.
The jelly misses you.
You hit the jelly but do no damage.
Your hands burn!
The jelly is heavily wounded.
The jelly hits you. The acid corrodes you!
You are splashed with acid!
* * * LOW HITPOINT WARNING * * *
You hit the jelly but do no damage.
The jelly looks as sick as possible!
Your hands burn!
* * * LOW HITPOINT WARNING * * *
The jelly is severely wounded.
The jelly hits you.
* * * LOW HITPOINT WARNING * * *
The acid corrodes you!
You are splashed with acid!
* * * LOW HITPOINT WARNING * * *
You hit the jelly but do no damage.
The jelly looks as sick as possible!
Your hands burn!
* * * LOW HITPOINT WARNING * * *
The jelly is severely wounded.
The jelly hits you.
* * * LOW HITPOINT WARNING * * *
The acid corrodes you!
You are splashed with acid!
You die...

#...............
#............... ###.
#...............
#...######..............$
#...#....#............._.
##........#)..............
..........')..............
..........#).J........#...
#+###..#..###.@........>#
#.###..##.#....#########
#......##.#....#
#.....∩...#....#
+...##....#....'......
#...##..###....#......
####..##..# #....#######
.###..#...........
......#...........


You could see a jelly (extremely poisoned).

Vanquished Creatures
  A hornet (D:8)
  Edmund (D:5)
  2 ice beasts
  An orc warrior (D:4)
  A black bear (D:7)
  An ogre (D:4)
  A centaur (D:8)
  4 kobold brigands
  A bullfrog (D:5)
  4 scorpions
  7 orc priests
  Crazy Yiuf (D:6)
  3 hounds
  4 iguanas
  4 jellies
  A sleepcap (D:5)
  Ijyb (D:2)
  16 orc wizards
  Robin (D:2)
  4 gnolls (D:5)
  13 adders
  4 river rats
  A shadow imp (D:4)
  2 ufetubi
  2 worms
  5 dart slugs
  43 orcs
  7 endoplasms
  5 giant cockroaches
  6 goblins
  7 hobgoblins
  4 jackals (D:1)
  17 kobolds
  3 quokkas
  6 ball pythons
  7 bats
  3 frilled lizards
  25 rats
219 creatures vanquished.

Vanquished Creatures (others)
  2 orc wizards (D:6)
  9 plants (D:1)
  10 withered plants (D:1)
21 creatures vanquished.

Grand Total: 240 creatures vanquished

Notes
Turn   | Place    | Note
-------+----------+-------------------------------------------
     0 | D:1      | heikuro the Formicid Fighter began the quest for the Orb.
     0 | D:1      | Reached XP level 1. HP: 18/18 MP: 1/1
   104 | D:1      | Reached XP level 2. HP: 24/24 MP: 2/2
   370 | D:1      | Found a faded altar of an unknown god.
   427 | D:1      | Found Dewau's Jewellery Emporium.
   771 | D:1      | Reached XP level 3. HP: 29/29 MP: 3/3
  1274 | D:2      | Found an iron altar of Okawaru.
  1283 | D:2      | Became a worshipper of Warmaster Okawaru
  1854 | D:3      | Reached XP level 4. HP: 30/37 MP: 4/4
  2102 | D:3      | Reached skill level 1 in Invocations
  2154 | D:3      | Reached XP level 5. HP: 36/42 MP: 5/5
  2174 | D:3      | Noticed Robin
  2175 | D:3      | Noticed Ijyb
  2220 | D:2      | Killed Ijyb
  2322 | D:2      | Killed Robin
  2755 | D:3      | Noticed a kobold brigand
  3031 | D:4      | Reached * piety under Okawaru
  3032 | D:4      | Reached skill level 5 in Shields
  3105 | D:4      | Reached XP level 6. HP: 48/48 MP: 7/7
  3127 | D:4      | Noticed an orc warrior
  3142 | D:4      | Killed an orc warrior
  3165 | D:4      | Found a glowing drain.
  3169 | Sewer    | Entered a sewer
  3323 | Sewer    | Reached XP level 7. HP: 41/55 MP: 8/8
  4630 | D:3      | Reached skill level 5 in Axes
  5088 | D:4      | Identified the +4 falchion "Kiczic" {freeze, rPois MP+9
                  | Str-5 Stlth+}
  5193 | D:4      | Reached skill level 5 in Fighting
  5193 | D:4      | Reached skill level 5 in Armour
  5193 | D:4      | Reached skill level 6 in Shields
  5193 | D:4      | Reached XP level 8. HP: 60/62 MP: 10/10
  5363 | D:4      | Found a snail-covered altar of Cheibriados.
  5443 | D:4      | Reached ** piety under Okawaru
  5600 | D:4      | Found a staircase to the Ecumenical Temple.
  5611 | Temple   | Entered the Ecumenical Temple
  6001 | D:5      | Entered Level 5 of the Dungeon
  6009 | D:5      | Found Huofou's Assorted Antiques.
  6073 | D:5      | Noticed Edmund
  6091 | D:5      | Killed Edmund
  6821 | D:5      | Reached XP level 9. HP: 55/69 MP: 12/12
  6909 | D:6      | Reached skill level 7 in Shields
  7332 | D:6      | Reached skill level 5 in Invocations
  7343 | D:6      | Found a glowing golden altar of the Shining One.
  7363 | D:6      | Reached *** piety under Okawaru
  7637 | D:6      | Found a runed translucent door.
  7638 | D:6      | Noticed Crazy Yiuf
  7643 | D:6      | Killed Crazy Yiuf
  7820 | D:6      | Found a sparkling altar of Nemelex Xobeh.
  8067 | D:6      | Found Lugre's General Store.
  8507 | D:7      | Found a runed translucent gate.
  8508 | D:7      | Found a runed translucent gate.
  8509 | D:7      | Found a runed translucent gate.
  8630 | D:7      | Identified the +0 chain mail of the Black Moon {rCorr}
  8631 | D:7      | Noticed benadryl's ghost (novice DsCj)
  8643 | D:7      | Found Makaschubb's Assorted Antiques.
  9322 | D:8      | Found Zottiget's Jewellery Shoppe.
  9371 | D:8      | Noticed a hornet
  9383 | D:8      | Killed a hornet
  9384 | D:8      | Reached skill level 8 in Shields
  9384 | D:8      | Reached XP level 10. HP: 57/77 MP: 14/14
  9457 | D:8      | Found a viscous altar of Jiyva.
  9488 | D:8      | HP: 3/77 [jelly (2)]
  9488 | D:8      | Splashed by a jelly's acid

Illustrated notes

Levels and vault maps discovered:
D:1:      elethiomel_arrival_maze, layout_basic, serial_shops, shop,
          shapermc_ecumenical_altar_flowoftime, minivault_24, minmay_unequal
D:2:      layout_loops_ring, basic_altar, minmay_tetromino_t2
D:3:      minmay_inner_zag, layout_loops_ring, minmay_misc_feat_secret_circle,
          minmay_misc_feat_square, nicolae_goblin_pals, uniq_ijyb
D:4:      layout_loops_cross, kennysheep_slug_shrine,
          minmay_temple_entry_glassed_door, gup_sewer_entry_bowl
D:5:      layout_rooms, serial_shops, nicolae_shop_advertising_works
          [nicolae_subvault_shop_adworks], dreamdust_mushroom_princess,
          kennysheep_decorative_pillar, uniq_edmund
D:6:      layout_basic, mainiacjoe_overflow_cross_hatched,
          mainiacjoe_overflow_tiny_flanked, nicolae_take_the_stairs,
          minmay_a_box_with_orc_wizards_in_it, uniq_crazy_yiuf_cottage
D:7:      layout_basic, serial_shops, nicolae_shop_statue_plus,
          biasface_ghost_orc_armoury
D:8:      layout_gridville, serial_shops, nicolae_square_shop, jiyva_altar_1
Temple:   minmay_crystal_spiral_temple

Skill      XL: |  1  2  3  4  5  6  7  8  9 |
---------------+----------------------------+-----
Axes           | 3 4 5 6 7 |  7.9
Invocations    | 1 2 3 4 5 |  5.9
Fighting       | 4 5 6 |  6.7
Armour         | 4 5 6 |  6.8
Shields        | 5 6 8 |  8.1

Action                     |  1- 3 |  4- 6 |  7- 9 | 10-12 || total
---------------------------+-------+-------+-------+-------++-------
  Melee: War axe           |   116 |   108 |       |       ||   224
         Hand axe          |       |    24 |   401 |    17 ||   442
 Invoke: Heroism           |       |     1 |     3 |       ||     4
Ability: Dig               |       |       |     1 |       ||     1
    Use: Scroll            |     3 |     3 |     3 |       ||     9
 Armour: Scale mail        |    52 |    51 |   142 |     5 ||   250
  Dodge: Dodged            |    39 |    52 |   167 |     6 ||   264
  Block: Buckler           |    34 |    31 |   112 |     2 ||   179

Table legend: (Time is in decaauts)
 A = Elapsed time spent in this place.
 B = Non-inter-level travel time spent in this place.
 C = Inter-level travel time spent in this place.
 D = Time resting spent in this place.
 E = Time spent auto-exploring this place.
 F = Levels seen in this place.
 G = Mean time per level.
                   A        B        C        D        E       F      G
               +--------+--------+--------+--------+--------+-----+--------+
         Total |   9605 |   9137 |    468 |   1019 |   5757 |  10 |  960.5 |
       Dungeon |   8625 |   8240 |    385 |    841 |   5320 |   8 | 1078.1 |
        Temple |    210 |    127 |     83 |      0 |    111 |   1 |  210.0 |
         Sewer |    769 |    769 |      0 |    178 |    325 |   1 |  769.0 |
               +--------+--------+--------+--------+--------+-----+--------+

Top non-repeatable levels by time:
     D:3: 2074 daAuts
     D:6: 1419 daAuts
     D:1: 1240 daAuts
     D:4: 1059 daAuts
     D:7: 1011 daAuts
     D:5: 842 daAuts
     D:2: 771 daAuts
   Sewer: 769 daAuts
  Temple: 210 daAuts
     D:8: 205 daAuts
